IL
TACOMA RAINIERS @ PAWTUCKET RED SOX
04/22/2048
 
TOP OF THE 1ST
Tacoma Rainiers batting - Pitching for Pawtucket Red Sox : RHP Roberto Morales
Pitching: RHP Roberto Morales
Batting: RHB Rick Ellis 0-0: Called Strike
0-1: Ball
1-1: Foul Ball, location: 2F
1-2: Foul Ball, location: 2F
1-2: Ball
2-2: SINGLE (Line Drive, 8RS, EV 86.9 MPH)
Batting: LHB Jawad Fahad 0-0: Ball
1-0: Called Strike
1-1: Ball
2-1: SINGLE (Groundball, 56, EV 101.2 MPH) (infield hit)
Rick Ellis to second
Batting: LHB Josh Pittman 0-0: Called Strike
0-1: Ball
1-1: Ball
2-1: Ball
3-1: Foul Ball, location: 2F
3-2: Ground out 3-1 (Groundball, 34S, EV 85.6 MPH)
Rick Ellis to third
Jawad Fahad to second
Batting: RHB Josh Ruhl 0-0: Ball
1-0: Fly out, F9 (Flyball, 89D, EV 79.4 MPH)
Runner from 3rd tags up, SCORES, no throw by RF
Batting: RHB Zach Downs 0-0: Swinging Strike
0-1: Swinging Strike
0-2: Ball
1-2: Ground out 5-3 (Groundball, 56, EV 85.0 MPH)
Top of the 1st over - 1 run, 2 hits, 0 errors, 1 left on base; Tacoma 1 - Pawtucket 0
BOTTOM OF THE 1ST
Pawtucket Red Sox batting - Pitching for Tacoma Rainiers : RHP Justin Lee
Pitching: RHP Justin Lee
Batting: RHB Roberto Morales 0-0: Ball
1-0: Fly out, F9 (Flyball, 89S, EV 81.9 MPH)
Batting: RHB Brandon Perris 0-0: Fly out, F8 (Flyball, 8LD, EV 101.2 MPH)
Batting: RHB Jose Diaz 0-0: Ball
1-0: Called Strike
1-1: Called Strike
1-2: Ball
2-2: Ball
3-2: Ground out 5-3 (Groundball, 56S, EV 73.1 MPH)
Bottom of the 1st over - 0 runs, 0 hits, 0 errors, 0 left on base; Tacoma 1 - Pawtucket 0
TOP OF THE 2ND
Tacoma Rainiers batting - Pitching for Pawtucket Red Sox : RHP Roberto Morales
Batting: SHB Ray Skogen 0-0: Ball
1-0: SINGLE (Groundball, 4MD, EV 102.5 MPH)
Batting: RHB Max Schellekens 0-0: Fielders Choice at 2nd, 5-4 (Groundball, 56, EV 84.4 MPH)
Batting: RHB Steve Martin 0-0: Ball
1-0: Foul Ball, location: 2F
1-1: Swinging Strike
1-2: Foul Ball, location: 2F
1-2: Foul Ball, location: 2F
1-2: Foul Ball, location: 2F
1-2: Foul Ball, location: 2F
1-2: Foul Ball, location: 2F
1-2: Ball
Wild Pitch!
Max Schellekens to second
2-2: Strikes out swinging
Batting: RHB Jeff Cox 0-0: Called Strike
0-1: Fly out, F7 (Flyball, 7S, EV 83.8 MPH)
Top of the 2nd over - 0 runs, 1 hit, 0 errors, 1 left on base; Tacoma 1 - Pawtucket 0
BOTTOM OF THE 2ND
Pawtucket Red Sox batting - Pitching for Tacoma Rainiers : RHP Justin Lee
Batting: LHB Frank Olivo 0-0: Ball
1-0: Ball
2-0: Ball
3-0: Called Strike
3-1: Foul Ball, location: 2F
3-2: SINGLE (Groundball, 6D, EV 106.9 MPH)
Batting: RHB Rodolfo Contreras 0-0: Called Strike
0-1: Swinging Strike
0-2: Fly out, F9 (Flyball, 89S, EV 83.1 MPH)
Batting: RHB Sal Rivera 0-0: Ball
1-0: Called Strike
1-1: Fly out, F8 (Flyball, 89D, EV 110.0 MPH)
Batting: RHB Neil Mautone 0-0: Foul Ball, location: 2F
0-1: Ball
1-1: Ball
2-1: SINGLE (Groundball, 34D, EV 102.5 MPH)
Frank Olivo to second
Runner from 2nd tries for 3rd, SAFE, throw by RF made to third
Batting: RHB Andy Garvin 0-0: Foul Ball, location: 2F
0-1: Ball
1-1: Fly out, F9 (Line Drive, 9S, EV 90.0 MPH)
Bottom of the 2nd over - 0 runs, 2 hits, 0 errors, 2 left on base; Tacoma 1 - Pawtucket 0
TOP OF THE 3RD
Tacoma Rainiers batting - Pitching for Pawtucket Red Sox : RHP Roberto Morales
Batting: RHB Rick Ellis 0-0: Ball
1-0: Ball
2-0: Foul Ball, location: 2F
2-1: Foul Ball, location: 2F
2-2: Ball
3-2: Foul Ball, location: 2F
3-2: Strikes out swinging
Batting: LHB Jawad Fahad 0-0: Ground out U3 (Groundball, 34S, EV 85.6 MPH)
Batting: LHB Josh Pittman 0-0: Ball
1-0: Ball
2-0: DOUBLE (Line Drive, 78XD, EV 97.5 MPH) - OUT at third base trying to stretch hit.
Top of the 3rd over - 0 runs, 1 hit, 0 errors, 0 left on base; Tacoma 1 - Pawtucket 0
BOTTOM OF THE 3RD
Pawtucket Red Sox batting - Pitching for Tacoma Rainiers : RHP Justin Lee
Batting: RHB David Norum 0-0: Ball
1-0: Called Strike
1-1: Called Strike
1-2: Ball
2-2: Ball
3-2: Strikes out swinging
Batting: RHB Roberto Morales 0-0: Ball
1-0: Ball
2-0: Ball
3-0: Called Strike
3-1: Called Strike
3-2: Ground out 6-3 (Groundball, 6S, EV 83.1 MPH)
Batting: RHB Brandon Perris 0-0: Ball
1-0: Called Strike
1-1: Called Strike
1-2: Fly out, F8 (Flyball, 8RD, EV 75.6 MPH)
Bottom of the 3rd over - 0 runs, 0 hits, 0 errors, 0 left on base; Tacoma 1 - Pawtucket 0
TOP OF THE 4TH
Tacoma Rainiers batting - Pitching for Pawtucket Red Sox : RHP Roberto Morales
Batting: RHB Josh Ruhl 0-0: Fly out, F8 (Flyball, 8RM, EV 80.0 MPH)
Batting: RHB Zach Downs 0-0: Foul Ball, location: 2F
0-1: Ball
1-1: Foul Ball, location: 2F
1-2: Ball
2-2: Ball
3-2: Foul Ball, location: 2F
3-2: Fly out, F5 (Flyball, 5D, EV 86.2 MPH)
Batting: SHB Ray Skogen 0-0: Ball
1-0: Ground out 6-3 (Groundball, 4M, EV 104.4 MPH)
Top of the 4th over - 0 runs, 0 hits, 0 errors, 0 left on base; Tacoma 1 - Pawtucket 0
BOTTOM OF THE 4TH
Pawtucket Red Sox batting - Pitching for Tacoma Rainiers : RHP Justin Lee
Batting: RHB Jose Diaz 0-0: Ball
1-0: SINGLE (Line Drive, 3D, EV 96.9 MPH)
Batting: LHB Frank Olivo 0-0: Called Strike
0-1: Called Strike
0-2: Grounds into double play, 5-4-3 (Groundball, 5, EV 101.2 MPH)
Batting: RHB Rodolfo Contreras 0-0: Ball
1-0: Called Strike
1-1: Swinging Strike
1-2: Ball
2-2: Ball
3-2: Strikes out looking
Bottom of the 4th over - 0 runs, 1 hit, 0 errors, 0 left on base; Tacoma 1 - Pawtucket 0
TOP OF THE 5TH
Tacoma Rainiers batting - Pitching for Pawtucket Red Sox : RHP Roberto Morales
Batting: RHB Max Schellekens 0-0: Called Strike
0-1: Ground out 3-1 (Groundball, 34, EV 96.2 MPH)
Batting: RHB Steve Martin 0-0: Ball
1-0: Fly out, F8 (Flyball, 8RXD, EV 99.4 MPH)
Batting: RHB Jeff Cox 0-0: DOUBLE (Line Drive, 8LD, EV 106.9 MPH)
Batting: RHB Rick Ellis 0-0: Called Strike
0-1: Ball
1-1: Foul Ball, location: 2F
1-2: Strikes out swinging
Top of the 5th over - 0 runs, 1 hit, 0 errors, 1 left on base; Tacoma 1 - Pawtucket 0
BOTTOM OF THE 5TH
Pawtucket Red Sox batting - Pitching for Tacoma Rainiers : RHP Justin Lee
Batting: RHB Sal Rivera 0-0: Called Strike
0-1: Ball
1-1: Ball
2-1: Ball
3-1: Ground out 1-3 (Groundball, 13S, EV 76.2 MPH)
Batting: RHB Neil Mautone 0-0: Called Strike
0-1: Called Strike
0-2: Strikes out swinging
Batting: RHB Andy Garvin 0-0: Called Strike
0-1: Swinging Strike
0-2: Ball
1-2: DOUBLE (Flyball, 89D, EV 114.4 MPH)
Batting: RHB David Norum 0-0: Called Strike
0-1: Called Strike
0-2: Ground out 5-3 (Groundball, 56S, EV 81.2 MPH)
Bottom of the 5th over - 0 runs, 1 hit, 0 errors, 1 left on base; Tacoma 1 - Pawtucket 0
TOP OF THE 6TH
Tacoma Rainiers batting - Pitching for Pawtucket Red Sox : RHP Roberto Morales
Batting: LHB Jawad Fahad 0-0: DOUBLE (Line Drive, 7LS, EV 93.8 MPH)
Batting: LHB Josh Pittman 0-0: Ball
1-0: Ball
2-0: Foul Ball, location: 2F
2-1: Foul Ball, location: 2F
2-2: Foul Ball, location: 2F
2-2: Ball
3-2: Strikes out swinging
Batting: RHB Josh Ruhl 0-0: Ball
1-0: Foul Ball, location: 2F
1-1: Foul Ball, location: 2F
1-2: Ball
Wild Pitch!
Jawad Fahad to third
2-2: Ball
3-2: Base on Balls
Batting: RHB Zach Downs 0-0: Ball
1-0: Ground out 5-3 (Groundball, 56, EV 89.4 MPH)
Josh Ruhl to second
Batting: SHB Ray Skogen 0-0: Ball
1-0: Ball
2-0: Ball
3-0: Base on Balls
Batting: RHB Max Schellekens 0-0: Ball
1-0: Called Strike
1-1: Swinging Strike
1-2: Ball
2-2: Ball
Wild Pitch!
Jawad Fahad scores
Josh Ruhl to third
Ray Skogen to second
3-2: Ground out 5-3 (Groundball, 5L, EV 101.9 MPH)
Top of the 6th over - 1 run, 1 hit, 0 errors, 2 left on base; Tacoma 2 - Pawtucket 0
BOTTOM OF THE 6TH
Pawtucket Red Sox batting - Pitching for Tacoma Rainiers : RHP Justin Lee
Batting: RHB Roberto Morales 0-0: Ball
1-0: Ball
2-0: Foul Ball, location: 2F
2-1: Called Strike
2-2: Foul Ball, location: 2F
2-2: Foul Ball, location: 2F
2-2: Strikes out swinging
Batting: RHB Brandon Perris 0-0: Ball
1-0: Ball
2-0: Fly out, F4 (Popup, 4MD, EV 48.8 MPH)
Batting: RHB Jose Diaz 0-0: Called Strike
0-1: Ball
1-1: Fly out, F7 (Flyball, 7D, EV 103.8 MPH)
Bottom of the 6th over - 0 runs, 0 hits, 0 errors, 0 left on base; Tacoma 2 - Pawtucket 0
TOP OF THE 7TH
Tacoma Rainiers batting - Pitching for Pawtucket Red Sox : RHP Roberto Morales
Batting: RHB Steve Martin 0-0: Ball
1-0: Called Strike
1-1: Ball
2-1: Foul Ball, location: 2F
2-2: Strikes out swinging
Pitching: RHP Billy Fitzgerald
Batting: RHB Jeff Cox 0-0: Ball
1-0: Swinging Strike
1-1: Ball
2-1: Foul Ball, location: 2F
2-2: Ball
3-2: Strikes out swinging
Batting: RHB Rick Ellis 0-0: Called Strike
0-1: Called Strike
0-2: Ground out 4-3 (Groundball, 4, EV 89.4 MPH)
Top of the 7th over - 0 runs, 0 hits, 0 errors, 0 left on base; Tacoma 2 - Pawtucket 0
BOTTOM OF THE 7TH
Pawtucket Red Sox batting - Pitching for Tacoma Rainiers : RHP Justin Lee
Batting: LHB Frank Olivo 0-0: Ball
1-0: Reached on error, E4 (Groundball, 4, EV 86.2 MPH)
Batting: RHB Rodolfo Contreras 0-0: Ball
1-0: 2-RUN HOME RUN (Flyball, 7D, EV 92.5 MPH), Distance : 356 ft
Batting: RHB Sal Rivera 0-0: Ball
1-0: Ball
2-0: Ball
3-0: Called Strike
3-1: Base on Balls
Batting: RHB Neil Mautone 0-0: Called Strike
Sal Rivera steals 2nd base
0-1: Ball
1-1: Ball
2-1: Foul Ball, location: 2F
2-2: SINGLE (Line Drive, 89S, EV 101.9 MPH)
Sal Rivera to third
Pitching: RHP David Lane
Pinch Hitting: LHB Zack Guillen 0-0: 3-RUN HOME RUN (Flyball, 7LD, EV 91.2 MPH), Distance : 339 ft
Batting: RHB David Norum 0-0: Ball
1-0: Fly out, F9 (Line Drive, 9, EV 96.9 MPH)
Batting: RHB Roberto Morales 0-0: Ball
1-0: Swinging Strike
1-1: Foul Ball, location: 2F
1-2: Foul Ball, location: 2F
1-2: Ball
2-2: Strikes out swinging
Batting: RHB Brandon Perris 0-0: Called Strike
0-1: Ball
1-1: Ground out 5-3 (Groundball, 56S, EV 83.1 MPH)
Bottom of the 7th over - 5 runs, 3 hits, 1 error, 0 left on base; Tacoma 2 - Pawtucket 5
TOP OF THE 8TH
Tacoma Rainiers batting - Pitching for Pawtucket Red Sox : RHP Billy Fitzgerald
Now at 1B: Carlos Nolasco
Batting: LHB Jawad Fahad 0-0: Ball
1-0: Ball
2-0: Called Strike
2-1: Foul Ball, location: 2F
2-2: Ball
3-2: Ground out U3 (Groundball, 3L, EV 83.1 MPH)
Batting: LHB Josh Pittman 0-0: Foul Ball, location: 2F
0-1: Fly out, F9 (Flyball, 9S, EV 82.5 MPH)
Batting: RHB Josh Ruhl 0-0: Called Strike
0-1: Swinging Strike
0-2: Strikes out swinging
Top of the 8th over - 0 runs, 0 hits, 0 errors, 0 left on base; Tacoma 2 - Pawtucket 5
BOTTOM OF THE 8TH
Pawtucket Red Sox batting - Pitching for Tacoma Rainiers : RHP David Lane
Pitching: RHP Marty Maginnis
Batting: RHB Jose Diaz 0-0: Ground out 5-3 (Groundball, 56, EV 91.2 MPH)
Batting: LHB Frank Olivo 0-0: Foul Ball, location: 2F
0-1: Called Strike
0-2: Ball
1-2: Ball
2-2: Strikes out swinging
Batting: RHB Rodolfo Contreras 0-0: Ball
1-0: Ball
2-0: Swinging Strike
2-1: Ball
3-1: Called Strike
3-2: Base on Balls
Batting: RHB Sal Rivera 0-0: SINGLE (Groundball, 13S, EV 73.1 MPH) (infield hit)
Rodolfo Contreras to second
Batting: RHB Neil Mautone 0-0: Called Strike
0-1: Ground out 3-1 (Groundball, 34, EV 93.8 MPH)
Bottom of the 8th over - 0 runs, 1 hit, 0 errors, 2 left on base; Tacoma 2 - Pawtucket 5
TOP OF THE 9TH
Tacoma Rainiers batting - Pitching for Pawtucket Red Sox : RHP Billy Fitzgerald
Pitching: RHP Jim Whiteman
Batting: RHB Zach Downs 0-0: Ball
1-0: Foul Ball, location: 2F
1-1: Swinging Strike
1-2: Ball
2-2: Ball
3-2: SINGLE (Groundball, 4MD, EV 108.8 MPH)
Batting: SHB Ray Skogen 0-0: Called Strike
0-1: Ground out 4-3 (Groundball, 34, EV 104.4 MPH)
Zach Downs to second
Pinch Hitting: LHB Ryan Lowe 0-0: Called Strike
0-1: Ball
1-1: Called Strike
1-2: DOUBLE (Flyball, 78D, EV 95.0 MPH)
Zach Downs scores
Batting: RHB Steve Martin 0-0: Ground out 3-1 (Groundball, 34, EV 97.5 MPH)
Ryan Lowe to third
Batting: RHB Jeff Cox 0-0: Called Strike
0-1: Fly out, F1 (Line Drive, P, EV 72.5 MPH)
Top of the 9th over - 1 run, 2 hits, 0 errors, 1 left on base; Tacoma 3 - Pawtucket 5
Tuesday, March 28th , 2023 - OOTP Baseball 23.10 Build 110